[Event "9. Korbacher Open 2017"]
[Site "Korbach"]
[Date "2017.10.19"]
[Round "1"]
[White "Thomas, Ingo"]
[Black "Launert, Martin"]
[Result "1/2-1/2"]
[ECO "C54"]
[WhiteElo "2129"]
[BlackElo "1879"]
[Annotator "ChessBase"]
[PlyCount "51"]
[EventDate "2017.??.??"]
[EventType "swiss"]
[EventCountry "GER"]
[SourceTitle "playchess.com"]
[Source "ChessBase"]
[SourceQuality "1"]
[TimeControl "40/5400+30:1800+30"]

1. e4 e5 2. Nf3 Nc6 3. Bc4 Bc5 4. c3 Nf6 5. d3 d6 6. h3 a6 7. Bb3 h6 8. Bc2 b5 9. b4 Bb6 10. a4 Bd7 11. O-O O-O 12. Na3 Ne7 13. d4 Ng6 14. c4 exd4 15. cxb5 c5 16. bxc6 Bxc6 17. Nxd4 Bxe4 18. Be3 Bxc2 19. Qxc2 Nd5 20. Qb3 Nxe3 21. Qxe3 Qf6 22. Rad1 Rfe8 23. Qd2 Nf4 24. Kh2 d5 25. Nac2 Re4 26. b5 1/2-1/2

[Event "9. Korbacher Open 2017"]
[Site "Korbach"]
[Date "2017.10.19"]
[Round "1"]
[White "Neukirchner, Pascal"]
[Black "Trienekens, Tjark"]
[Result "1-0"]
[ECO "A59"]
[WhiteElo "2123"]
[BlackElo "1865"]
[Annotator "ChessBase"]
[PlyCount "87"]
[EventDate "2017.??.??"]
[EventType "swiss"]
[EventCountry "GER"]
[SourceTitle "playchess.com"]
[Source "ChessBase"]
[SourceQuality "1"]
[TimeControl "40/5400+30:1800+30"]

1. d4 Nf6 2. c4 c5 3. d5 b5 4. cxb5 a6 5. bxa6 Bxa6 6. Nc3 d6 7. e4 Bxf1 8. Kxf1 g6 9. Nf3 Bg7 10. g3 O-O 11. Kg2 e6 12. dxe6 fxe6 13. e5 dxe5 14. Qxd8 Rxd8 15. Nxe5 Nd5 16. Bg5 Rf8 17. Rhe1 Nxc3 18. bxc3 Rf5 19. f4 Ra3 20. Re2 Bxe5 21. Rxe5 Rxe5 22. fxe5 Nc6 23. Bf6 Na5 24. Rd1 Rxa2+ 25. Kh3 Ra3 26. Rd8+ Kf7 27. Rh8 h5 28. Rh7+ Kg8 29. Rg7+ Kf8 30. Ra7 Ke8 31. Kh4 Nc4 32. Re7+ Kf8 33. Kg5 Nxe5 34. Rxe6 Nd7 35. Kxg6 Nxf6 36. Rxf6+ Ke7 37. Rf3 h4 38. g4 Ra2 39. Rh3 Ra3 40. Kf5 Kd6 41. g5 Ra4 42. g6 Kd5 43. g7 Ra1 44. g8=Q+ 1-0

[Event "9. Korbacher Open 2017"]
[Site "Korbach"]
[Date "2017.10.19"]
[Round "1"]
[White "Sanati, Charlotte"]
[Black "Plaza Reino, Mercedes"]
[Result "1-0"]
[ECO "D35"]
[WhiteElo "2098"]
[BlackElo "1822"]
[Annotator "NA RC"]
[PlyCount "93"]
[EventDate "2017.??.??"]
[EventType "swiss"]
[EventCountry "GER"]
[SourceTitle "playchess.com"]
[Source "ChessBase"]
[SourceQuality "1"]
[TimeControl "40/5400+30:1800+30"]

1. d4 d5 2. c4 e6 3. cxd5 exd5 4. Nc3 Nf6 5. Bg5 Be7 6. e3 c6 7. Bd3 h6 8. Bh4 Nbd7 9. Nge2 O-O 10. O-O Re8 {[%emt 0:08:21] D35: Queen's Gambit Declined: Exchange Variation} 11. f3 {[%emt 0:08:04] LiveBook: 9 Games} Nf8 (11... c5 12. Kh1 a6 13. Rc1 cxd4 14. exd4 b5 15. Bg3 Bb7 16. a4 b4 17. Nb1 Rc8 18. Rxc8 Qxc8 {1-0 (42) Ivanisevic,I (2662)-Bokros,A (2472) Kragujevac 2015}) 12. Bf2 b6 13. Qd2 Ne6 14. Rad1 $146 ({Predecessor:} 14. h3 c5 15. Rad1 Bb7 16. Bb5 Rf8 17. Ba4 a6 18. Bb3 {1-0 (53) Guerrero,A (2197)-Genta,A (2118) Colonia del Sacramento 2009}) 14... Bb7 15. Bf5 Bf8 16. e4 g6 17. Bxe6 $1 Rxe6 18. e5 Nd7 19. Be3 Kh7 20. f4 f5 21. g4 Qh4 22. g5 (22. gxf5 $14 gxf5 23. Kh1) 22... hxg5 23. fxg5 Kg7 $2 (23... Qg4+ $11 24. Kh1 {[#]} Nxe5 $1 ) 24. Nf4 Ree8 25. Rf3 Qh7 $2 (25... Be7 {is more resistant.} 26. e6 Nf8) 26. Rh3 Qg8 27. Rh6 Re6 28. Nxe6+ Qxe6 29. Qf2 $2 (29. Ne2 $18) 29... Kg8 30. Rh3 Bg7 {[%emt 0:00:18] [#]} (30... Ba6 $16 31. Rd2 (31. Qh4 Bg7 $16) 31... Bg7) 31. Ne2 $1 Nf8 32. Nf4 Qe7 33. Rg3 Bc8 34. h4 Be6 35. Qh2 Bf7 36. h5 Ne6 $2 (36... Rc8 37. h6 Bh8) 37. hxg6 Be8 38. Qh7+ Kf8 39. Nh5 Qc7 40. Nf6 (40. Rf1 $142 Qd7 41. Rxf5+ Ke7 42. Nxg7 Nxg7 43. Qxg7+ Kd8 44. Qf8 Qxf5 45. Qxf5) 40... Ke7 41. Rc1 Qb7 42. Rf1 Kd8 43. Qg8 Qe7 44. Rxf5 Kc7 45. Nxe8+ Qxe8 46. Rf7+ Kd8 47. Rxg7 1-0

[Event "9. Korbacher Open 2017"]
[Site "Korbach"]
[Date "2017.10.19"]
[Round "1"]
[White "Nielsen, Klaus"]
[Black "Basovskiy, Jana"]
[Result "1-0"]
[ECO "D05"]
[WhiteElo "2092"]
[BlackElo "1825"]
[Annotator "NA RC"]
[PlyCount "113"]
[EventDate "2017.??.??"]
[EventType "swiss"]
[EventCountry "GER"]
[SourceTitle "playchess.com"]
[Source "ChessBase"]
[SourceQuality "1"]
[TimeControl "40/5400+30:1800+30"]

1. d4 d5 2. Nf3 Nf6 3. e3 e6 4. Bd3 Be7 5. Nbd2 O-O 6. Ne5 b6 7. O-O Bb7 8. f4 Nbd7 {[%emt 0:03:05] D05: Colle System with ...e6} (8... Ne4 9. Nxe4 dxe4 10. Bc4 Nd7 11. Qh5 Nf6 12. Qh3 c5 13. g4 cxd4 14. g5 Nd5 15. exd4 Qc8 16. Bb3 {½-½ (59) Starostits,I (2413)-Ladva,O (2510) Parnu 2016}) 9. Qf3 c5 10. c3 {[%emt 0:00:47] LiveBook: 6 Games} Rc8 11. g4 Ne8 12. Qh3 g6 $146 ({Predecessor:} 12... Ndf6 13. Qg2 Nd6 {0-1 (32) Perk,E-Poehl,H Wingst 1999}) 13. Ndf3 Nd6 14. Nxd7 Qxd7 15. Ne5 Qd8 16. Rf3 Kg7 17. g5 Rh8 18. Qh6+ (18. Qg2 $15) 18... Kg8 19. Bd2 Nf5 20. Bxf5 exf5 21. Rg3 Qf8 22. Qh3 (22. Qxf8+ $11 Rxf8 23. a4) 22... h6 23. gxh6 Qxh6 24. Qg2 Kg7 25. Nf3 Rh7 26. Qe2 Rch8 27. Be1 Re8 28. Qb5 Rhh8 $1 29. Qd3 Bf6 30. Rg2 Qh5 31. Ne5 Bxe5 (31... c4 $17 32. Qc2 a6) 32. fxe5 Qf3 33. Bg3 cxd4 34. Qxd4 Qe4 35. Qd2 $2 {[%emt 0:02:46] [#]} (35. Bf4 $11) 35... d4 $1 36. exd4 Qxg2+ 37. Qxg2 Bxg2 38. Kxg2 Rd8 $2 (38... g5 $19 39. Re1 f4) 39. Rd1 $2 ({White should play} 39. h4 $15) 39... Rhe8 $4 (39... g5 $19 {and life is good for Black.} 40. h4 f4) 40. Bh4 Rc8 41. Bf6+ Kh6 (41... Kf8 {might work better.} 42. d5 Re7) 42. d5 Rc7 43. d6 Rd7 44. Rd4 $2 (44. Kf3 $18 {has better winning chances.}) 44... g5 45. Rc4 $2 ({Better is} 45. c4 $18) 45... Kg6 46. a4 Rb8 (46... Re6 $15 47. Rd4 Rxf6 48. exf6 Kxf6) 47. b4 {[%emt 0:00:00] [#]} f4 {[%emt 0:00:00] [#]} (47... Rxd6 $1 $11 {[%mdl 512] keeps the balance.} 48. exd6 Kxf6) 48. h4 $1 gxh4 $2 (48... a6 {was necessary.}) 49. Rxf4 Rc8 50. c4 Rg8 (50... Rb7 $142 51. Bxh4 Kh5) 51. Rg4+ Kh7 52. Rxg8 Kxg8 53. c5 bxc5 54. bxc5 Rb7 55. c6 Rb2+ 56. Kh3 Rb3+ 57. Kxh4 1-0

[Event "9. Korbacher Open 2017"]
[Site "Korbach"]
[Date "2017.10.19"]
[Round "1"]
[White "Koellner, Christof"]
[Black "Powalla, Christian"]
[Result "1-0"]
[ECO "A45"]
[WhiteElo "2073"]
[BlackElo "1816"]
[Annotator "NA"]
[PlyCount "47"]
[EventDate "2017.??.??"]
[EventType "swiss"]
[EventCountry "GER"]
[SourceTitle "playchess.com"]
[Source "ChessBase"]
[SourceQuality "1"]
[TimeControl "40/5400+30:1800+30"]

1. d4 Nf6 2. Bg5 d5 3. e3 Ne4 4. Bf4 Nd7 {[%emt 0:03:06] A45: Trompowsky Attack} (4... Bf5 5. f3 Nd6 6. Nc3 e6 7. Qe2 Nc6 8. O-O-O Be7 9. e4 Bg6 10. exd5 exd5 11. Nxd5 O-O 12. Nxe7+ Nxe7 13. d5 {½-½ (40) Martinovic,S (2565)-Georgiev,K (2631) Mali Losinj 2017}) 5. Bd3 Ndf6 6. f3 Nd6 7. Nd2 Nf5 $146 ({Predecessor:} 7... g6 8. e4 dxe4 9. fxe4 Bg4 10. Ngf3 Bg7 11. h3 Bd7 12. Bh2 Nc8 13. c4 O-O 14. O-O c6 15. Qe1 Be8 16. Qe3 Nd7 17. e5 {1-0 (17) Stamenkovic,D (2382)-Stankovic,D (2287) Valjevo 2010}) 8. g4 Nd6 9. h4 h5 10. g5 Nd7 11. g6 f6 12. c4 dxc4 13. Nxc4 Nb6 14. Nxb6 axb6 15. Qb3 e6 16. Ne2 Bd7 17. e4 Qe7 (17... Be7 $16) 18. Rc1 Rc8 $2 (18... Bc6 $16) 19. e5 Nf5 20. Kf2 fxe5 21. Bxe5 ({Less strong is} 21. dxe5 Qb4 $16) 21... Nxh4 22. Nf4 Bc6 23. Be4 Nf5 $18 (23... Bxe4 $142 24. fxe4 Rh6 25. Nxe6 c5 26. Nxf8 (26. Qxb6 Rxg6 27. Qb5+ Rc6 $11) 26... Qxf8+ 27. Qf7+ Qxf7+ 28. gxf7+ Kxf7 29. Rxh4 g5) 24. Rxc6 1-0

[Event "9. Korbacher Open 2017"]
[Site "Korbach"]
[Date "2017.10.19"]
[Round "1"]
[White "Braun, Ingram"]
[Black "Achermann, Didier"]
[Result "1-0"]
[ECO "B23"]
[WhiteElo "2042"]
[BlackElo "1811"]
[Annotator "NA RC"]
[PlyCount "55"]
[EventDate "2017.??.??"]
[EventType "swiss"]
[EventCountry "GER"]
[SourceTitle "playchess.com"]
[Source "ChessBase"]
[SourceQuality "1"]
[TimeControl "40/5400+30:1800+30"]

1. e4 c5 2. Nc3 d6 3. g3 Nf6 4. Bg2 e6 5. Nge2 Be7 6. O-O O-O 7. d4 cxd4 8. Nxd4 a6 9. Be3 Nbd7 10. f4 {[%emt 0:02:49] B80: Sicilian Scheveningen: 6 g3 and 6 Be3, including English Attack} Qc7 {[%emt 0:00:55] LiveBook: 3 Games} (10... Nb6 $11 11. Kh1 g6 12. b3 e5 13. Nde2 exf4 14. Nxf4 Bd7 15. a4 Bc6 16. a5 Nbd7 17. Ncd5 Re8 {1-0 (39) Popovic,P (2545)-Ilincic,Z (2565) Niksic 1997}) 11. h3 ({Besser ist} 11. g4 $14) 11... Rb8 (11... Nb6 $11 {remains equal.}) 12. a4 b6 $146 ({Predecessor:} 12... Re8 13. g4 Nb6 14. g5 Nfd7 15. Kh1 {½-½ (43) Belkhodja,S (2385)-Santana Otero,O (2230) Mendoza 1985}) 13. e5 (13. g4 $16) 13... Nd5 $2 (13... dxe5 $14 14. Nc6 Bd6) 14. Bxd5 Nxe5 15. fxe5 exd5 16. Nxd5 Qd7 17. e6 fxe6 18. Nxe7+ Qxe7 19. Nc6 Qc7 20. Rxf8+ Kxf8 21. Nxb8 Bb7 22. Qd3 Kg8 23. Rd1 d5 24. Bf4 e5 25. Nxa6 Qd6 26. Qe2 d4 27. Qxe5 Qc6 28. Qb8+ $18 1-0

[Event "9. Korbacher Open 2017"]
[Site "Korbach"]
[Date "2017.10.19"]
[Round "1"]
[White "Schmidt, Matthias"]
[Black "Meyer, Marcel"]
[Result "0-1"]
[ECO "B18"]
[WhiteElo "2031"]
[BlackElo "1740"]
[Annotator "NA"]
[PlyCount "54"]
[EventDate "2017.??.??"]
[EventType "swiss"]
[EventCountry "GER"]
[SourceTitle "playchess.com"]
[Source "ChessBase"]
[SourceQuality "1"]
[TimeControl "40/5400+30:1800+30"]

1. e4 c6 2. d4 d5 3. Nc3 dxe4 4. Nxe4 Bf5 5. Ng3 Bg6 6. h4 h6 7. h5 Bh7 {[%emt 0:00:08] LiveBook: 402 Games} 8. Bc4 {[%emt 0:05:09] B18: Caro-Kann (Hauptvariante)} (8. Nf3 e6 9. Bd3 Bxd3 10. Qxd3 Nf6 11. Bd2 Be7 12. O-O-O O-O 13. Ne4 Nxe4 14. Qxe4 Qd5 15. Qxd5 cxd5 16. g4 Nc6 17. c3 Rac8 18. Rdg1 f6 19. Bf4 e5 20. Be3 Bd6 {0-1 (44) Savchenko,B (2585)-Popov,I (2609) Sochi 2017}) 8... Nd7 9. N1e2 $146 ({Vorgänger:} 9. Nf3 Qc7 10. Rh4 e6 11. Bf4 Bd6 12. Bxd6 Qxd6 13. Kf1 Ngf6 14. Qe2 O-O 15. Ne5 Nd5 16. Ne4 Qe7 17. g3 Nxe5 18. dxe5 {½-½ (45) Zell,R-Stegmann,V Wuerzburg 1989}) 9... Ngf6 10. Nf4 e5 11. dxe5 Nxe5 12. Qe2 Bd6 13. Be3 O-O 14. O-O-O Nxc4 15. Qxc4 Qc7 ({Besser ist} 15... Qe7 $17) 16. Ng6 (16. Ne6 $1 $11 fxe6 17. Qxe6+ Rf7 18. Qxd6) 16... Rfe8 17. Nf5 Re4 (17... b5 $1 $11 {remains equal.} 18. Qc3 Be5 19. Nxe5 Bxf5) 18. Rd4 ({Wrong is} 18. Rxd6 $2 Rxc4 19. Nfe7+ {[#]} Qxe7 $1 $19 ) 18... b5 19. Qd3 ({Better is} 19. Qc3 $11 Rxd4 20. Qxd4 fxg6 21. hxg6 (21. Qxd6 Qxd6 22. Nxd6 gxh5 $11) 21... Bxg6 22. Qxd6 Qxd6 23. Nxd6) 19... fxg6 20. Nxd6 Rxd4 21. Qxd4 Rd8 22. Rd1 Nd5 23. hxg6 Bxg6 24. Ne4 Re8 25. Nc5 Nxe3 26. fxe3 Qg3 27. Re1 (27. e4 $17) 27... Qxe1+ {Qc3} 0-1

[Event "9. Korbacher Open 2017"]
[Site "Korbach"]
[Date "2017.10.19"]
[Round "1"]
[White "Stahnke, Thorsten"]
[Black "Aardenburg, Piet"]
[Result "1/2-1/2"]
[ECO "D52"]
[WhiteElo "2026"]
[BlackElo "1782"]
[Annotator "NA RC"]
[PlyCount "128"]
[EventDate "2017.??.??"]
[EventType "swiss"]
[EventCountry "GER"]
[SourceTitle "playchess.com"]
[Source "ChessBase"]
[SourceQuality "1"]
[TimeControl "40/5400+30:1800+30"]

1. c4 e6 2. Nc3 d5 3. d4 Nf6 4. Bg5 c6 5. e3 Nbd7 6. Nf3 Qa5 7. Bxf6 Nxf6 8. Nd2 Bb4 9. Qc2 {[%emt 0:00:23] LiveBook: 31 Games} O-O 10. Bd3 dxc4 (10... Qc7 $11) 11. Nxc4 Qh5 {[%emt 0:06:57] D52: Queen's Gambit Declined: Cambridge Springs Variation} 12. a3 (12. O-O c5 13. Ne4 Nxe4 14. Bxe4 cxd4 15. exd4 Rb8 16. Rad1 Bd7 17. d5 Rfc8 18. Qb3 Bb5 19. Qxb4 Bxc4 20. Rfe1 Bxd5 21. Bxd5 exd5 {½-½ (22) Lagno,K (2507)-Looshnikov,N (2462) Satka 2008}) 12... Be7 13. Ne2 c5 $146 ({Predecessor:} 13... Qh4 14. Nf4 Nd5 15. g3 Qh6 16. Ne5 Nxf4 17. gxf4 f6 18. Nf3 Qh5 19. Rg1 {1-0 (32) Cedikova,K-Cecil,P Klatovy 1996}) 14. Ng3 Qh6 15. dxc5 Bxc5 16. b4 Be7 17. Na5 Bd8 18. Ne4 Ne8 19. O-O f5 20. Ng3 Nf6 21. Bc4 Kh8 22. Rfd1 Bc7 23. Nf1 Bb6 24. Be2 e5 {[%emt 0:01:49] [#]} 25. Nc4 $1 e4 (25... f4 $16) 26. Nxb6 axb6 27. Rd6 (27. Qc7 $18 {is more deadly.}) 27... f4 28. exf4 Qxf4 29. Qd2 Qh4 (29... Qe5 $16 {was worth a try.} 30. Rc1 Qe7) 30. Qe3 Bf5 31. Qxb6 Ng4 {[%emt 0:01:27] [#]} 32. Bxg4 $1 Bxg4 33. Qe3 Rf3 $2 (33... Qe7 $16 34. Rd2 Bd7) 34. Qd4 $2 (34. gxf3 $18 Bxf3 35. Qc1) 34... Raf8 $2 (34... e3 $16 35. Nxe3 Qxf2+ 36. Kh1 Raf8) 35. Nd2 $4 (35. gxf3 $18 Bxf3 36. Qe5) 35... Rd3 36. Qb6 (36. Rf1 $142 Rxd4 37. Rxd4) 36... Rxd6 37. Qxd6 Qxf2+ 38. Kh1 Be2 $2 (38... e3 $19 39. Qxf8+ Qxf8) 39. h3 $1 e3 40. Ne4 Qf4 41. Re1 Rf6 (41... Qxd6 $11 {bleibt in der Remisbreite.} 42. Nxd6 Rf1+ 43. Rxf1 Bxf1) 42. Qxf4 Rxf4 43. Ng3 Bb5 44. Rxe3 g6 45. Kg1 Bc6 46. Re5 Kg7 47. Re7+ (47. Ne2 $5 Kf6 48. Rc5 $16 (48. Nxf4 Kxe5 49. g3 Kd4 $11)) 47... Kg8 48. Ne2 Rc4 49. Kf2 Rc2 50. h4 (50. a4 $5) 50... Ra2 51. Re3 Bb5 52. g4 Bxe2 53. Rxe2 Rxa3 54. Re7 Rh3 55. Rxb7 Rxh4 56. Kg3 Rh1 57. Kf4 h5 58. gxh5 Rxh5 59. b5 Kf8 60. b6 Rb5 61. Rb8+ Kf7 62. b7 Kg7 63. Ke4 g5 64. Ke3 $11 Kh7 1/2-1/2

[Event "9. Korbacher Open 2017"]
[Site "Korbach"]
[Date "2017.10.19"]
[Round "1"]
[White "Maiwald, Harald"]
[Black "Koerber, Thomas"]
[Result "1-0"]
[ECO "A06"]
[WhiteElo "2014"]
[BlackElo "1857"]
[Annotator "NA RC"]
[PlyCount "113"]
[EventDate "2017.??.??"]
[EventType "swiss"]
[EventCountry "GER"]
[SourceTitle "playchess.com"]
[Source "ChessBase"]
[SourceQuality "1"]
[TimeControl "40/5400+30:1800+30"]

1. Nf3 d5 2. g3 c6 3. Bg2 Nf6 4. O-O g6 5. d3 Bg7 6. Nbd2 O-O {[%emt 0:01:33] LiveBook: 130 Games} 7. e4 dxe4 8. dxe4 Nfd7 {[%emt 0:00:29] A07: Réti Opening: New York and Capablanca Systems} (8... Na6 9. Qe2 Nc5 10. e5 Nd5 11. Nb3 Nxb3 12. axb3 Bf5 13. Nh4 Be6 14. f4 Qd7 15. Bd2 Bg4 16. Bf3 Bxf3 17. Nxf3 Rfd8 18. Rfd1 Qc7 19. c4 {½-½ (62) Ehlvest,J (2524)-Pourramezanali,A (2509) Guilan 2016}) 9. Qe2 e5 10. Rd1 Qc7 11. b3 $146 ({Predecessor:} 11. a4 b6 12. Bf1 a5 13. c3 Na6 14. Nc4 Ndc5 15. Qc2 Bg4 16. Be2 {0-1 (27) Tassetti,M (1962)-Levaux,C (2013) France 2006}) 11... Re8 12. Ba3 Nb6 13. Nf1 Bg4 ({Better is} 13... f6 $14) 14. Bd6 Qc8 15. Ne3 Bxf3 16. Bxf3 f5 (16... N8d7 $16 17. Bg4 Qd8) 17. c4 Qe6 18. c5 Nc8 19. b4 Ne7 20. b5 Kh8 21. Rab1 Nd7 (21... fxe4 {is a better defense.} 22. Bxe4 Qc8 23. bxc6 bxc6) 22. Bxe7 Rxe7 23. Rd6 Qf7 24. bxc6 Nxc5 25. exf5 gxf5 $2 (25... e4) 26. Bd5 Qf8 27. Qc2 f4 28. Qxc5 fxe3 29. Qxe3 (29. cxb7 $142 Qxf2+ 30. Kh1) 29... bxc6 30. Rxc6 Rd8 31. Be4 Rd4 32. Rbc1 Re8 33. Rc7 Rdd8 (33... a5 $142 34. R1c6 Red8) 34. Rxa7 Re7 35. Rcc7 Rxc7 36. Rxc7 Qf6 (36... Qd6 $142) 37. Kg2 Qd6 38. Qa7 Qd4 39. Qxd4 $2 (39. Qb7) 39... exd4 40. Bd3 h5 $2 41. Rc5 Kg8 42. Rxh5 Kf7 (42... Rc8 $142 43. Kf3 Rf8+ 44. Ke2 Re8+ 45. Kd2 Re5) 43. Rb5 Rc8 44. Kf3 Rc3 45. Ke4 Ra3 46. h4 Kf6 47. Rb6+ $2 Ke7 48. Rb7+ Kf6 49. Rb6+ (49. g4 $18) 49... Ke7 50. Ra6 Rc3 51. g4 Rc5 52. f4 Rc1 53. h5 Re1+ 54. Kf5 Re3 55. Ra7+ Kf8 56. Bc4 d3 57. Rd7 $18 1-0

[Event "9. Korbacher Open 2017"]
[Site "Korbach"]
[Date "2017.10.19"]
[Round "1"]
[White "Lesny, Florian"]
[Black "Boehme, Jonas"]
[Result "1/2-1/2"]
[ECO "B01"]
[WhiteElo "1997"]
[BlackElo "1675"]
[Annotator "NA RC"]
[PlyCount "119"]
[EventDate "2017.??.??"]
[EventType "swiss"]
[EventCountry "GER"]
[SourceTitle "playchess.com"]
[Source "ChessBase"]
[SourceQuality "1"]
[TimeControl "40/5400+30:1800+30"]

1. e4 d5 2. exd5 Nf6 3. d4 Bg4 4. Be2 Bxe2 5. Qxe2 Qxd5 6. Nf3 {[%emt 0:00:38] LiveBook: 173 Partien} Nc6 7. c4 Qe4 {[%emt 0:04:32] B01: Scandinavian Defence} (7... Qf5 8. O-O O-O-O 9. d5 Nb4 10. Nc3 Nd3 11. Rd1 Nc5 12. Qe3 e6 13. b4 Ng4 14. Qg5 Na6 15. Qxf5 exf5 16. a3 Be7 17. Bf4 Bd6 18. Rd4 Bxf4 19. Rxf4 {½-½ (52) Aryan,C (2503)-Kulkarni,R (2344) Caleta 2017}) 8. Qxe4 Nxe4 9. Nbd2 Nxd2 10. Bxd2 e6 11. a3 g6 $146 ({Predecessor:} 11... Be7 12. O-O-O Bf6 13. d5 exd5 14. Rhe1+ Ne7 15. cxd5 {0-1 (45) Torres Grajales,R (2056)-Laynez Aspenberg,J (1898) Collado Villalba 2011}) 12. Bc3 Bg7 13. O-O Rd8 14. Rad1 O-O 15. b4 a6 16. b5 axb5 17. cxb5 Ne7 18. Bb4 Rfe8 19. Bxe7 Rxe7 20. Rd2 Red7 21. Rfd1 Ra8 22. Ra1 Rd5 23. Rb2 Bxd4 24. Nxd4 Rxd4 25. Kf1 Raa4 26. Rc1 Rac4 ({Much weaker is} 26... Rxa3 $6 27. Rxc7 b6 28. Rc6 $11) 27. Rbc2 Rxc2 28. Rxc2 Rd7 29. a4 b6 30. Ra2 Kf8 31. a5 bxa5 32. Rxa5 Ke7 33. Ra7 Kd6 34. Ke2 {[%emt 0:01:16] [#]} c5 $1 35. Ra6+ Kd5 36. Kd3 Rb7 37. Ra5 c4+ (37... g5 $142 38. g4 f5) 38. Kc3 Kc5 39. Ra4 Rxb5 40. Rxc4+ Kd6 41. Kd3 e5 42. Ra4 Rd5+ 43. Ke3 Ke6 44. f3 f5 45. Ra7 Rd7 46. Ra6+ Kf7 47. Ra4 h5 48. h4 Rb7 49. Ra5 Rb3+ 50. Kf2 Rb2+ 51. Kg1 e4 52. Ra7+ Ke6 53. Ra6+ Ke5 54. fxe4 fxe4 55. Rxg6 e3 56. Kf1 Rf2+ 57. Ke1 Kf4 58. Rf6+ Kg3 59. Rxf2 exf2+ 60. Kf1 $11 1/2-1/2

[Event "9. Korbacher Open 2017"]
[Site "Korbach"]
[Date "2017.10.19"]
[Round "1"]
[White "Alkayas, Shadi"]
[Black "Wachsmann, Dietmar"]
[Result "0-1"]
[ECO "B40"]
[WhiteElo "1975"]
[BlackElo "1930"]
[Annotator "NA RC"]
[PlyCount "82"]
[EventDate "2017.??.??"]
[EventType "swiss"]
[EventCountry "GER"]
[SourceTitle "playchess.com"]
[Source "ChessBase"]
[SourceQuality "1"]
[TimeControl "40/5400+30:1800+30"]

1. e4 c5 2. Nf3 e6 3. d4 cxd4 4. Nxd4 Nf6 5. f3 d5 {[%emt 0:04:22] B40: Sicilian: 2...e6, Unusual lines} (5... e5 6. Nb3 d5 7. Bg5 Be6 8. exd5 Qxd5 9. Nc3 Bb4 10. Bd2 Qd8 11. Nb5 Nc6 12. Bxb4 Nxb4 13. c3 Nbd5 14. Nc5 Qb6 15. Nxe6 fxe6 16. Qe2 O-O-O 17. O-O-O a6 {0-1 (41) Tillyaev,U (2295)-Vokhidov,S (2377) Tashkent 2017}) 6. e5 Nfd7 7. f4 Nc6 8. Be3 Qb6 9. b3 Nxd4 (9... Bc5 $17 10. c3 f6 11. exf6 Nxf6) 10. Bxd4 Bc5 11. c3 $146 O-O 12. Bxc5 Nxc5 13. Qd4 Bd7 14. Nd2 Bb5 15. Bxb5 Qxb5 16. a4 Qb6 17. b4 Nd7 18. Nb3 Rfc8 19. Kd2 $2 {[%emt 0:01:27] [#]} (19. Qxb6 $1 $11 {and White has nothing to worry.} axb6 20. Kd2) 19... Rc4 $2 ({Black should try} 19... Qd8 $1 $19 20. Qd3 {[#]} a5 $1 21. Nxa5 Rxa5 22. bxa5 Nc5) 20. Qxb6 Nxb6 21. a5 Nd7 22. Nd4 f6 (22... a6 $11 {keeps the balance.}) 23. Rhe1 Kf7 24. Re3 (24. a6 $16 b6 25. Rf1) 24... fxe5 25. fxe5 Rf8 $2 (25... a6 $1 $11) 26. Rf1+ $2 (26. a6 $18 Rb8 27. Nb5) 26... Ke7 27. Rxf8 Nxf8 28. Nb5 Ng6 (28... Rg4 $14) 29. g3 ({White must play} 29. Nxa7 $16 Rg4 30. g3) 29... a6 30. Nd4 Rc8 31. Nf3 Rf8 32. Kd3 $2 {[%emt 0:00:36] [#]} (32. h4 $11) 32... Rxf3 $1 33. Rxf3 Nxe5+ 34. Ke3 Nxf3 35. Kxf3 e5 36. Ke3 Ke6 37. g4 g5 38. h3 Kd6 39. Kd3 Kc6 40. c4 dxc4+ 41. Kxc4 h6 0-1

[Event "9. Korbacher Open 2017"]
[Site "Korbach"]
[Date "2017.10.19"]
[Round "1"]
[White "Van der Meiden, Dirk"]
[Black "Simukov, Erik"]
[Result "1-0"]
[ECO "C47"]
[WhiteElo "1958"]
[BlackElo "1621"]
[Annotator "NA RC"]
[PlyCount "99"]
[EventDate "2017.??.??"]
[EventType "swiss"]
[EventCountry "GER"]
[SourceTitle "playchess.com"]
[Source "ChessBase"]
[SourceQuality "1"]
[TimeControl "40/5400+30:1800+30"]

1. e4 e5 2. Nf3 Nc6 3. Nc3 Nf6 4. d4 exd4 5. Nxd4 Bb4 6. Nxc6 bxc6 7. Bd3 Qe7 8. O-O d6 {[%emt 0:00:44] C47: Scotch Four Knights and Four Knights with 4 g3} 9. h3 h5 $146 (9... O-O $11 {remains equal.}) ({Predecessor:} 9... Nd7 10. Na4 O-O 11. a3 Ba5 12. f4 Bb6+ 13. Nxb6 axb6 14. Be3 c5 15. Re1 Bb7 16. Bf2 {½-½ (61) Migot,T (2284)-Semcesen,D (2479) Cappelle-la-Grande 2013}) 10. Bg5 Qe5 11. Qd2 Be6 12. Rfe1 Nd7 13. Be3 f6 14. a3 ({White should play} 14. Ba6 $16) 14... Bxc3 $1 15. bxc3 Nb6 (15... Qa5 $11) 16. f4 Qa5 {[%emt 0:00:06] [#]} 17. e5 $1 O-O-O (17... dxe5 $16 18. fxe5 f5) 18. exf6 gxf6 19. Bd4 Rde8 (19... Bd5 $16) 20. Bxf6 Rhg8 {[%emt 0:00:09] [#]} 21. Bd4 (21. Bh7 $1 $18 Qc5+ 22. Kh2 (22. Bd4 Qd5 $18)) 21... c5 {[%emt 0:03:32] [#]} 22. Bf2 $2 ({White has to play} 22. Rxe6 $1 $18 cxd4 (22... Rxe6 23. Bf5) 23. Qe2) 22... c4 23. Bf1 Qf5 24. Kh2 Bd5 25. Rxe8+ Rxe8 26. Rd1 c5 (26... Bb7 $14) 27. a4 ({White should play} 27. Bh4 $16) 27... a5 28. Bg3 (28. Bh4 $16) 28... Re4 29. Be2 Re6 30. Rf1 (30. Bh4 $16) 30... Nxa4 31. Ra1 Nxc3 32. Bf3 {[%emt 0:01:37] [#]} (32. Bxc4 $1 $14 {was the only good move.} Bxc4 33. Qxc3) 32... Bxf3 $1 33. Qxc3 Bd5 (33... Bc6 $17 34. Qxc4 Qe4 35. Qxe4 Rxe4) 34. Re1 $2 (34. Qh8+ $11 {and White is okay.} Kd7 35. Rxa5) 34... Rxe1 35. Qxe1 (35. Bxe1 {was forced.} Qxf4+ 36. Qg3 Qxg3+ 37. Kxg3) 35... Qe4 36. Qf2 a4 37. Bh4 Qxg2+ $2 (37... a3 $19 38. Bf6 Qf5) 38. Qxg2 Bxg2 39. Kxg2 d5 $4 (39... a3 $19 40. Bf6 d5) 40. Be7 d4 41. Bxc5 d3 42. cxd3 cxd3 43. Kf2 Kd7 44. Ke3 Kc6 45. Ba3 Kd5 46. Kxd3 Ke6 47. Ke4 Kf6 48. f5 Kf7 49. Kf4 Kf6 50. Bb2+ 1-0